 Dungeon Crawl Stone Soup version 0.30-a0-738-g116ff8c4af (webtiles) character file.

Game seed: 13628466930882354631

325 timneilson the Covered (level 6, -3/38 HPs)
             Began as a Gargoyle Fighter on Feb 3, 2023.
             Slain by a black bear (4 damage)
             ... on level 3 of the Dungeon.
             The game lasted 00:04:19 (2951 turns).

timneilson the Covered (Gargoyle Fighter)           Turns: 2951, Time: 00:04:19

Health: -3/38      AC: 15    Str: 21    XL:     6   Next: 48%
Magic:  6/6        EV:  7    Int:  9    God:
Gold:   122        SH:  4    Dex:  9    Spells: 5/5 levels left

rFire   . . .      SeeInvis .    a - +0 long sword
rCold   . . .      Faith    .    c - +0 buckler
rNeg    + . .      Spirit   .    l - +0 chain mail
rPois   ∞          Reflect  .    b - +0 helmet
rElec   +          Harm     .    (no cloak)
rCorr   .          Rampage  .    (no gloves)
Will    .....                    (no boots) Stlth
                                 (no amulet)
HPRegen 0.26/turn                (no ring)
MPRegen 0.10/turn                (no ring)

@: no status effects
A: sickness immunity, AC +4, negative energy resistance 1, electricity
resistance, torment resistance 1, petrification resistance
a: no special abilities


You were on level 3 of the Dungeon.
You visited 1 branch of the dungeon, and saw 4 of its levels.

You collected 122 gold pieces.

Inventory:

Hand Weapons
 a - a +0 long sword (weapon)
Armour
 b - a +0 helmet (worn)
 c - a +0 buckler (worn)
 l - a +0 chain mail (worn)
Potions
 d - 2 potions of might
 e - a potion of flight {unknown}
 f - a potion of curing {unknown}
 g - a potion of heal wounds {unknown}
 h - 2 potions of mutation
 i - a potion of cancellation {unknown}
 j - a potion of magic {unknown}
 k - 2 potions of ambrosia
 m - 2 potions of lignification {unknown}


   Skills:
 + Level 4.0 Fighting
 * Level 3.2 Long Blades
 * Level 5.0 Armour
 + Level 1.3 Dodging
 * Level 4.8 Shields


You had 5 spell levels left.
You didn't know any spells.
Your spell library contained the following spells:

 Spells                   Type           Power      Damage    Failure   Level
 Beastly Appendage        Tmut           0%         N/A       99%         1
 Wereblood                Tmut           0%         N/A       100%        2
 Spider Form              Tmut/Pois      0%         N/A       100%        3


Dungeon Overview and Level Annotations

Branches:
Dungeon (4/15)
 Temple: D:4-7

Altars:
Uskayaw

Shops:
D:1 (


Innate Abilities, Weirdness & Mutations

You are immune to sickness and miasma.
Your stone body is resilient. (AC +4)
You are immune to poison.
You resist negative energy. (rN+)
You are resistant to electric shocks. (rElec)
You are resistant to unholy torment.
You are immune to petrification.


Message History

You closely miss the black bear.
The black bear is severely wounded.
The black bear bites you but does no damage.
The black bear claws you but does no damage.
The black bear barely misses you.
The black bear bites you but does no damage.
The black bear claws you but does no damage. x2
You slash the black bear!
The black bear is almost dead.
The black bear barely misses you. x2; The black bear claws you.
You completely miss the black bear.
The black bear is almost dead.
The black bear bites you but does no damage.
The black bear closely misses you.
The black bear claws you but does no damage.
You barely miss the black bear.
The black bear is almost dead.
The black bear goes berserk!
You hit the black bear.
The black bear is almost dead.
You block the black bear's attack. The black bear claws you.
The black bear claws you but does no damage.
The black bear bites you but does no damage.
The black bear claws you but does no damage. x2
You block the black bear's attack.
The black bear claws you but does no damage.
The black bear barely misses you.
You hit the black bear but do no damage.
The black bear is almost dead.
You block the black bear's attack. The black bear closely misses you.
The black bear claws you.
You barely miss the black bear.
The black bear is almost dead.
The black bear closely misses you. The black bear barely misses you.
You block the black bear's attack. The black bear bites you!
* * * LOW HITPOINT WARNING * * *
The black bear claws you.
* * * LOW HITPOINT WARNING * * *
The black bear claws you.
You die...

### #.###
######...#
####....#.#.#
#.##.##...#.#
#....#......####
#@##...........###
#h##.##.#.........
#>)........###.###
#)÷..#....)###.#..
#)#.......)..#....
#.#.......))....#.
#.####........†...
#........##.#.....
###########.#.####


You could see a black bear (berserk).

Vanquished Creatures
  A necrophage (D:4)
  A scorpion (D:3)
  A hound (D:3)
  Robin (D:4)
  6 adders
  2 worms (D:4)
  A dart slug (D:4)
  8 orcs (D:3)
  4 endoplasms
  4 giant cockroaches
  11 goblins
  13 hobgoblins
  10 jackals
  5 kobolds
  A quokka (D:2)
  8 ball pythons
  6 bats
  2 frilled lizards
  3 rats
88 creatures vanquished.

Vanquished Creatures (others)
  A plant (D:1)
1 creature vanquished.

Grand Total: 89 creatures vanquished

Notes
Turn   | Place    | Note
-------+----------+-------------------------------------------
     0 | D:1      | timneilson the Gargoyle Fighter began the quest for the
                  | Orb.
     0 | D:1      | Reached XP level 1. HP: 14/14 MP: 1/1
   175 | D:1      | Reached XP level 2. HP: 19/19 MP: 2/2
   605 | D:1      | Found Ystrasm's Antique Weapon Boutique.
  1037 | D:2      | Reached XP level 3. HP: 23/23 MP: 3/3
  1204 | D:2      | You fall into a shaft and drop 1 floor!
  1357 | D:2      | Reached skill level 4 in Armour
  1362 | D:2      | Reached XP level 4. HP: 28/28 MP: 4/4
  1880 | D:3      | Found a hide-covered altar of Uskayaw.
  2007 | D:3      | Found a faded altar of an unknown god.
  2020 | D:3      | Reached XP level 5. HP: 31/33 MP: 5/5
  2432 | D:4      | Noticed Robin
  2530 | D:3      | Reached skill level 1 in Dodging
  2530 | D:3      | Reached XP level 6. HP: 32/38 MP: 6/6
  2580 | D:4      | Killed Robin
  2677 | D:4      | Reached skill level 5 in Armour
  2918 | D:4      | Noticed a black bear
  2951 | D:3      | HP: 1/38 [black bear (3)]
  2951 | D:3      | Slain by a black bear

Illustrated notes

Levels and vault maps discovered:
D:1:      heliophobic_arrival_ceremonial_halls, layout_loops_corners,
          serial_shops, nicolae_shop_hallway_plus, serial_forest,
          infiniplex_forest_end_1, infiniplex_forest_clump_long,
          infiniplex_forest_lined_ring, infiniplex_forest_clump_C,
          infiniplex_forest_zigzag_1, infiniplex_forest_corner_1
D:2:      layout_basic
D:3:      layout_basic, nicolae_uskayaw_murder_on_the_dancefloor,
          hellmonk_ecumenical_altar_blasted, minmay_misc_feat_rows
D:4:      layout_cave_pools, guppyfry_shop_venom, uniq_robin

Skill      XL: |  1  2  3  4  5  6 |
---------------+-------------------+-----
Long Blades    | 2 3 |  3.2
Armour         | 4 5 |  5.0
Shields        | 4 |  4.8
Dodging        | 1 |  1.3
Fighting       | 4 |  4.0

Action                     |  1- 3 |  4- 6 || total
---------------------------+-------+-------++-------
  Melee: Long sword        |   146 |   222 ||   368
    Use: Scroll            |     3 |     4 ||     7
 Armour: Scale mail        |    93 |    18 ||   111
         Chain mail        |       |   207 ||   207
  Dodge: Dodged            |    73 |   144 ||   217
  Block: Buckler           |    35 |    77 ||   112

Table legend: (Time is in decaauts)
 A = Elapsed time spent in this place.
 B = Non-inter-level travel time spent in this place.
 C = Inter-level travel time spent in this place.
 D = Time resting spent in this place.
 E = Time spent auto-exploring this place.
 F = Levels seen in this place.
 G = Mean time per level.
                   A        B        C        D        E       F      G
               +--------+--------+--------+--------+--------+-----+--------+
         Total |   3072 |   2950 |    122 |     56 |   2068 |   4 |  768.0 |
       Dungeon |   3072 |   2950 |    122 |     56 |   2068 |   4 |  768.0 |
               +--------+--------+--------+--------+--------+-----+--------+

Top non-repeatable levels by time:
     D:1: 1054 daAuts
     D:3: 847 daAuts
     D:2: 770 daAuts
     D:4: 399 daAuts
